Map: Acid Plant LE

Players

Elazer - Winner!

  • Race: Zerg Zerg
  • Spawn Location: 11:00

goblin

  • Race: Protoss Protoss
  • Spawn Location: 5:00

Event: HomeStory Cup XVIII

VOD

Have the link to the VOD?

Description

Time

  • Played on: Nov. 22, 2018, 2:30 p.m.
  • Length: 4:31

All games in this series

Show
View Real Time Build Order
Export as new Build Order

Elazer Zerg - Winner!

Build Orders: Hatch First, Ravager All-In 

Get SALT Encoding   

  12  0:00  Drone  
  13  0:12  Overlord  
  13  0:17  Drone  
  14  0:30  Drone x2  
  16  0:47  Hatchery  
  15  0:50  Drone  
  15  0:55  Drone  
  17  0:58  Drone  
  18  1:09  Extractor  
  17  1:16  Spawning Pool  
  17  1:17  Drone  
  17  1:20  Drone  
  19  1:28  Drone  
  20  1:40  Drone  
  21  1:48  Extractor  
  21  1:49  Drone  
  21  1:52  Hatchery  
  20  2:03  Queen, Roach Warren  
  20  2:06  Overlord  
  21  2:11  Zergling x2  
  21  2:13  Metabolic Boost  
  22  2:29  Drone  
  23  2:41  Queen  
  23  2:43  Roach x2  
  29  2:54  Overlord  
  29  3:03  Ravager  
  29  3:04  Zergling x2  
  33  3:05  Roach  
  33  3:07  Ravager  
  34  3:13  Roach x2  
  34  3:18  Zergling x2  
  39  3:22  Roach  
  39  3:26  Zergling x2  
  42  3:29  Ravager  
  43  3:35  Overlord  
  43  3:36  Zergling x2  
  43  3:46  Overlord  
  43  4:01  Roach x3  
  49  4:05  Zergling x2  
  49  4:07  Zergling x2  
  51  4:10  Ravager x2  
Show
View Real Time Build Order
Export as new Build Order

goblin Protoss 

Build Orders:  

Get SALT Encoding   

  12  0:00  Probe  
  13  0:12  Probe  
  14  0:17  Pylon  
  14  0:24  Probe  
  15  0:32  Probe  
  15  0:39  Gateway  
  15  0:41  Forge, Probe  
  18  0:58  Pylon  
  17  1:11  Pylon  
  17  1:12  Pylon  
  17  1:16  Photon Cannon  
  17  1:19  Gateway  
  17  1:20  Probe  
  18  1:25  Assimilator  
  18  1:32  Assimilator  
  18  1:33  Probe  
  19  1:44  Photon Cannon  
  19  1:45  Probe  
  21  2:02  Pylon  
  21  2:07  Cybernetics Core  
  21  2:11  Probe  
  21  2:16  Zealot  
  23  2:34  Stalker  
  23  2:43  Robotics Facility  
  23  2:48  Shield Battery  
  23  2:51  Shield Battery  
  25  3:04  Stalker  
  27  3:09  Shield Battery  
  27  3:19  Shield Battery  
  27  3:21  Immortal  
  31  3:37  Stalker  
  33  3:43  Shield Battery  
  33  3:58  Pylon  
  33  4:10  Pylon  
  35  4:17  Shield Battery  
Tags
 
Add a new tag
Caveats
  • Supply blocks, unpowered buildings, or Contaminate may cause inaccurate times.
  • Supply counts are checked every 10 seconds.